 Dungeon Crawl Stone Soup version 0.20.1-4-g4af34eaf8e (webtiles) character file.

88 Alfie the Shooter (level 4, -2/38 HPs)
             Began as a Minotaur Hunter on Feb 25, 2020.
             Slain by Alfie's ghost (3 damage)
             ... on level 3 of the Dungeon.
             The game lasted 00:05:13 (1634 turns).

Alfie the Shooter (Minotaur Hunter)                 Turns: 1634, Time: 00:05:13

Health: -2/38      AC:  3    Str: 18    XL:     4   Next: 30%
Magic:  3/3        EV: 12    Int:  8    God:
Gold:   151        SH:  0    Dex: 10    Spells: 2/3 levels left

rFire    . . .     SeeInvis .   a - +1 shortbow
rCold    . . .     Gourm    .   (shield currently unavailable)
rNeg     . . .     Faith    .   c - +0 leather armour
rPois    .         Spirit   .   (helmet restricted)
rElec    .         Reflect  .   (no cloak)
rCorr    .         Harm     .   (no gloves)
MR       .....                  (no boots)
Stlth    +.........             (no amulet)
Regen    0.2/turn               (no ring)
MPRegen  0.1/turn               (no ring)

@: no status effects
A: retaliatory headbutt, horns 2
a: no special abilities


You were on level 3 of the Dungeon.
You were not hungry.

You visited 1 branch of the dungeon, and saw 3 of its levels.

You collected 151 gold pieces.

Inventory:

Hand Weapons
 a - a +1 shortbow (weapon)
 b - a +0 short sword
Missiles
 d - 25 arrows (quivered)
Armour
 c - a +0 leather armour (worn)
Scrolls
 e - 2 scrolls of teleportation
 g - 3 scrolls of immolation
 h - a scroll of identify
 m - 2 scrolls of remove curse
 p - a scroll of recharging
Potions
 i - a potion of agility {unknown}
 j - 3 potions of curing {unknown}
 l - a potion of magic {unknown}
 n - a potion of might {unknown}
 o - a potion of brilliance {unknown}
 q - a potion of degeneration {unknown}
Books
 r - a book of Cantrips

   Spells                             Type                      Level
   a - Confusing Touch                Hexes                        1
   b - Animate Skeleton               Necromancy                   1
   c - Summon Small Mammal            Summoning                    1
   d - Apportation                    Translocation                1
Comestibles
 f - 2 bread rations


   Skills:
 + Level 3.2 Fighting
 + Level 0.2 Short Blades
 + Level 5.7 Bows
 + Level 0.5 Armour
 + Level 2.5 Dodging
 + Level 0.8 Stealth


You had 2 spell levels left.
You knew the following spells:

 Your Spells              Type           Power        Failure   Level  Hunger
a - Summon Small Mammal   Summ           #...         45%         1    ##.....


Dungeon Overview and Level Annotations

Branches:
Dungeon (3/15)

Altars:
Nemelex Xobeh

Annotations:
D:3 Alfie's ghost, amateur HuHu


Innate Abilities, Weirdness & Mutations

You reflexively headbutt those who attack you in melee.
You have a pair of horns on your head.


Message History

You closely miss Alfie's ghost. You headbutt Alfie's ghost.
Alfie's ghost is almost destroyed.
Alfie's ghost closely misses you.
Okay, then.
As you read the scroll of teleportation, it crumbles to dust.
You feel strangely unstable. Alfie's ghost hits you!
* * * LOW HITPOINT WARNING * * *
Your surroundings suddenly seem different.
Found 10 gold pieces.
Found a ring mail.
An orc comes into view. It is wielding a flail.
Found a murky coppery potion.
You see here 8 gold pieces.
Wield which item (- for none, * to show all)? (? for menu, Esc to quit)
a - a +1 shortbow (weapon)
Alfie's ghost turns its malevolent gaze towards you.
Alfie's ghost hits you.
* * * LOW HITPOINT WARNING * * *
Alfie's ghost hits you.
You die...

###### #<...# #....#
####.# # #....# #.# #.
#....# #.# #.. #....# #.#
#... #..$.# #.# #.....
#....#######
#†###.....####...........
#.##......W@.....$.....[.
#.##......#######........
#.##..... ........o
#.##.### .........!
#.##.## #....####..
#.....# #....# . ####..#
#....# #..# #....# #..#


You could see Alfie's ghost.

Vanquished Creatures
  3 adders (D:2)
  An ooze (D:2)
  2 worms (D:2)
  4 dart slugs
  A leopard gecko (D:2)
  6 giant cockroaches
  5 goblins
  2 hobgoblins
  2 jackals (D:1)
  A quokka (D:2)
  6 bats
  4 frilled lizards
  2 kobolds (D:2)
  5 rats
44 creatures vanquished.

Notes
Turn   | Place    | Note
-------+----------+-------------------------------------------
     0 | D:1      | Alfie the Minotaur Hunter began the quest for the Orb.
     0 | D:1      | Reached XP level 1. HP: 18/18 MP: 0/0
   187 | D:1      | Reached XP level 2. HP: 25/25 MP: 1/1
   694 | D:2      | Found a sparkling altar of Nemelex Xobeh.
   754 | D:2      | Reached skill level 5 in Bows
   767 | D:2      | Reached XP level 3. HP: 31/31 MP: 2/2
  1306 | D:2      | Reached XP level 4. HP: 38/38 MP: 3/3
  1398 | D:2      | Learned a level 1 spell: Summon Small Mammal
  1571 | D:3      | Noticed Alfie's ghost (amateur HuHu)
  1602 | D:3      | HP: 1/38 [Alfie's ghost (10)]
  1633 | D:3      | HP: 1/38 [Alfie's ghost (4)]
  1634 | D:3      | Slain by Alfie's ghost

Skill      XL: |  1  2 |
---------------+-------+-----
Fighting       | 3 |  3.2
Bows           | 5 |  5.7
Short Blades   | |  0.2
Armour         | |  0.5
Dodging        | |  2.5
Stealth        | |  0.8

Action                   |  1- 3 |  4- 6 || total
-------------------------+-------+-------++-------
Melee: Short sword       |    11 |    29 ||    40
       Headbutt          |     3 |     6 ||     9
 Fire: Shortbow          |    72 |     5 ||    77
  Use: Scroll            |       |     6 ||     6
  Eat: Royal jelly       |     1 |       ||     1
Armor: Leather armour    |     6 |     7 ||    13
Dodge: Dodged            |    19 |    16 ||    35
